Map: Eternal Empire LE

Players

Astrea

  • Race: Protoss Protoss
  • Spawn Location: 7:00

Neeb - Winner!

  • Race: Protoss Protoss
  • Spawn Location: 1:00

Event: DreamHack SC2 Masters 2020 Summer North America

VOD

Have the link to the VOD?

Description

Time

  • Played on: July 8, 2020, 4:48 p.m.
  • Length: 13:13

All games in this series

Show
View Real Time Build Order
Export as new Build Order

Astrea Protoss 

Build Orders: 1 Gate Expand, Phoenix Opening, Blink Stalkers 

Get SALT Encoding   

  12  0:00  Probe  
  13  0:12  Probe  
  14  0:17  Pylon  
  14  0:23  Probe  
  15  0:31  Probe  
  15  0:36  Gateway  
  15  0:39  Probe  
  16  0:45  Assimilator  
  17  0:51  Probe  
  18  1:03  Probe  
  19  1:15  Probe  
  20  1:22  Nexus  
  20  1:32  Cybernetics Core  
  20  1:35  Probe  
  21  1:41  Assimilator  
  21  1:47  Probe  
  22  1:55  Pylon  
  22  1:59  Probe  
  23  2:03  Stalker  
  23  2:08  Warp Gate  
  23  2:13  Probe  
  26  2:25  Probe  
  26  2:27  Stalker  
  27  2:32  Probe  
  27  2:33  Shield Battery  
  30  2:37  Probe  
  30  2:41  Probe  
  31  2:49  Probe  
  31  2:50  Probe  
  33  2:56  Sentry  
  35  3:01  Probe  
  35  3:03  Twilight Council  
  36  3:09  Probe  
  37  3:13  Gateway, Probe  
  37  3:17  Blink, Pylon  
  38  3:22  Probe  
  38  3:23  Stalker  
  41  3:30  Phoenix  
  41  3:31  Probe  
  42  3:34  Probe  
  41  3:42  Gateway  
  41  3:43  Probe  
  41  3:46  Probe  
  43  3:55  Probe  
  44  3:58  Probe  
  44  4:02  Stalker  
  47  4:05  Pylon  
  47  4:07  Stalker, Probe  
  50  4:11  Probe  
  51  4:20  Probe  
  51  4:23  Probe  
  53  4:25  Assimilator  
  53  4:27  Forge  
  53  4:28  Robotics Facility  
  53  4:29  Assimilator  
  53  4:33  Sentry, Stalker  
  53  4:34  Probe  
  53  4:35  Probe  
  59  4:42  Protoss Ground Weapons Level 1  
  59  4:43  Pylon  
  59  4:46  Probe  
  59  4:47  Probe  
  61  4:58  Probe  
  62  5:01  Stalker  
  62  5:02  Shield Battery, Pylon  
  62  5:05  Photon Cannon  
  64  5:08  Stalker  
  64  5:10  Immortal  
  64  5:11  Stalker  
  72  5:26  Pylon  
  72  5:37  Nexus  
  72  5:39  Sentry  
  74  5:43  Stalker, Charge, Pylon  
  77  5:50  Observer  
  77  5:55  Probe x2  
  79  6:07  Probe  
  79  6:08  Probe  
  81  6:13  Stalker x3  
  81  6:15  Warp Prism  
  89  6:20  Robotics Bay, Probe x2  
  91  6:25  Pylon  
  91  6:30  Gateway  
  91  6:32  Probe x2  
  93  6:41  Pylon  
  93  6:42  Protoss Ground Weapons Level 2  
  93  6:44  Stalker x2  
  93  6:46  Stalker  
  99  6:50  Probe  
  100  6:59  Colossus  
  100  7:00  Probe  
  101  7:04  Probe x2  
  103  7:12  Probe  
  103  7:15  Pylon  
  110  7:16  Probe  
  110  7:17  Probe  
  110  7:18  Pylon  
  112  7:24  Probe  
  112  7:27  Assimilator  
  112  7:28  Assimilator, Shield Battery  
  112  7:29  Probe  
  114  7:30  Photon Cannon  
  114  7:32  Probe  
  114  7:36  Extended Thermal Lance, Probe  
  116  7:39  Pylon  
  116  7:41  Probe  
  116  7:42  Colossus  
  113  7:44  Probe  
  113  7:48  Probe  
  114  7:53  Probe  
  114  7:56  Probe  
  122  8:05  Probe  
  124  8:08  Gateway  
  124  8:09  Gateway  
  124  8:12  Gateway x2  
  123  8:15  Templar Archives  
  112  8:38  Observer  
  118  8:42  Stargate, Zealot x4  
  118  8:44  Stargate  
  121  8:51  Pylon  
  121  9:01  Pylon  
  121  9:04  Colossus  
  121  9:06  Nexus  
  121  9:07  High Templar x4  
  135  9:11  Archon x2, Pylon  
  135  9:16  Zealot  
  135  9:17  Zealot x3  
  141  9:19  Phoenix  
  141  9:20  Phoenix  
  141  9:23  Shield Battery  
  147  9:37  Protoss Ground Weapons Level 3  
  145  9:40  Gravitic Drive  
  145  9:43  Phoenix x2, Robotics Facility  
  149  10:03  Zealot x4  
  157  10:08  Zealot x4  
  165  10:19  Disruptor  
  168  10:24  Photon Cannon  
  168  10:25  Photon Cannon  
  168  10:27  Disruptor, Shield Battery  
  168  10:29  Photon Cannon, Shield Battery  
  168  10:30  Photon Cannon, Protoss Air Weapons Level 1  
  168  10:34  Assimilator  
  168  10:38  Assimilator  
  171  10:52  High Templar x2, Zealot x2  
  171  10:56  Pylon  
  179  10:57  Archon, Pylon  
  179  11:00  Pylon  
  179  11:13  Disruptor  
  179  11:14  Disruptor  
  181  11:25  Zealot x8  
  187  11:39  Warp Prism  
  167  11:49  Disruptor  
  172  11:58  Zealot x7  
  172  11:59  Zealot  
  186  12:15  Disruptor  
  179  12:25  Disruptor  
  179  12:26  Zealot x8  
  173  12:46  Photon Cannon  
  173  12:49  Photon Cannon, Zealot x4  
  173  12:50  Photon Cannon, Zealot  
  106  13:07  Zealot x3  
Show
View Real Time Build Order
Export as new Build Order

Neeb Protoss - Winner!

Build Orders:  

Get SALT Encoding   

  12  0:00  Probe  
  13  0:12  Probe  
  14  0:17  Pylon  
  14  0:24  Probe  
  15  0:32  Probe  
  15  0:37  Gateway  
  15  0:40  Probe  
  16  0:46  Assimilator  
  17  0:51  Probe  
  17  0:54  Assimilator  
  18  0:59  Probe  
  19  1:07  Gateway, Probe  
  19  1:17  Probe  
  21  1:25  Cybernetics Core  
  21  1:29  Probe  
  22  1:34  Pylon  
  22  1:41  Probe  
  23  2:02  Stalker x2, Warp Gate  
  27  2:12  Probe, Pylon  
  28  2:32  Sentry  
  30  2:37  Nexus  
  30  2:38  Probe  
  30  2:43  Sentry  
  33  2:50  Probe  
  33  2:59  Twilight Council  
  33  3:00  Probe  
  34  3:08  Probe  
  35  3:16  Probe  
  35  3:25  Gateway  
  35  3:29  Probe  
  35  3:30  Resonating Glaives  
  36  3:41  Probe  
  37  3:45  Gateway  
  37  3:47  Gateway  
  37  3:49  Probe  
  37  3:55  Probe  
  39  4:01  Adept x2  
  43  4:04  Probe  
  43  4:09  Probe  
  44  4:13  Probe  
  44  4:14  Pylon  
  46  4:17  Probe  
  46  4:21  Probe  
  47  4:26  Probe  
  47  4:28  Robotics Facility  
  47  4:30  Probe  
  49  4:35  Sentry  
  49  4:37  Probe  
  53  4:40  Forge  
  53  4:43  Probe  
  53  4:45  Assimilator  
  54  4:49  Probe  
  55  4:53  Pylon  
  55  4:58  Pylon  
  55  5:01  Blink  
  55  5:06  Immortal  
  55  5:07  Protoss Ground Weapons Level 1, Pylon  
  55  5:11  Probe  
  56  5:15  Pylon  
  60  5:22  Shield Battery  
  60  5:25  Stalker  
  62  5:30  Stalker  
  64  5:44  Nexus  
  64  5:46  Observer  
  61  5:51  Pylon, Probe x2  
  63  6:03  Probe x2  
  65  6:08  Observer  
  66  6:15  Probe x2  
  66  6:16  Stalker x4  
  76  6:23  Stalker  
  78  6:27  Probe  
  78  6:28  Shield Battery, Probe  
  80  6:39  Stalker  
  83  6:40  Stalker x2, Probe  
  83  6:43  Probe  
  83  6:46  Pylon  
  88  6:47  Stalker  
  88  7:00  Stalker  
  89  7:02  Probe x2  
  89  7:04  Probe  
  89  7:05  Adept x2  
  89  7:06  Stalker  
  98  7:12  Observer  
  98  7:14  Stalker  
  98  7:15  Probe  
  101  7:17  Probe  
  101  7:19  Assimilator, Probe  
  101  7:20  Assimilator  
  103  7:24  Pylon  
  103  7:27  Probe, Assimilator, Pylon  
  103  7:28  Observer  
  103  7:29  Probe  
  105  7:37  Observer  
  105  7:43  Phoenix  
  103  7:45  Stalker x4  
  103  7:46  Robotics Bay  
  103  7:49  Pylon  
  109  7:53  Stalker  
  111  8:04  Robotics Bay  
  111  8:06  Gateway  
  111  8:09  Gateway  
  111  8:10  Gateway  
  111  8:12  Stalker x3, Pylon  
  117  8:20  Protoss Ground Weapons Level 2  
  113  8:32  Probe  
  113  8:34  Colossus  
  112  8:35  Probe  
  112  8:38  Photon Cannon, Stalker x3  
  119  8:41  Nexus  
  119  8:51  Probe  
  119  8:52  Probe  
  119  8:53  Probe  
  128  8:58  Extended Thermal Lance  
  128  9:02  Photon Cannon  
  128  9:06  Photon Cannon  
  128  9:09  Probe x2  
  130  9:10  Probe  
  131  9:17  Colossus  
  131  9:22  Probe  
  131  9:23  Probe  
  133  9:26  Pylon  
  139  9:31  Dark Shrine, Probe  
  140  9:38  Probe  
  140  9:43  Pylon  
  141  9:51  Stalker x4  
  149  9:53  Assimilator, Pylon  
  149  9:58  Stalker x2, Assimilator  
  152  10:02  Pylon  
  152  10:03  Colossus  
  152  10:08  Stalker  
  152  10:11  Photon Cannon  
  152  10:13  Photon Cannon  
  160  10:25  Photon Cannon  
  160  10:32  Photon Cannon  
  160  10:33  Shadow Stride  
  160  10:37  Pylon  
  160  10:38  Pylon  
  160  10:51  Warp Prism  
  160  10:52  Stalker x6  
  172  10:58  Stalker  
  176  11:07  Pylon  
  176  11:14  Photon Cannon  
  176  11:16  Shield Battery  
  176  11:19  Dark Templar x5  
  186  11:29  Colossus  
  186  11:30  Stalker x3  
  179  11:53  Dark Templar x5  
  187  12:14  Photon Cannon  
  182  12:20  Stalker x3  
  184  12:25  Stalker  
  184  12:26  Stalker x4  
  153  12:53  Zealot x8  
  157  13:00  Probe  
Tags
 
Add a new tag
Caveats
  • Supply blocks, unpowered buildings, or Contaminate may cause inaccurate times.
  • Supply counts are checked every 10 seconds.